 Dungeon Crawl Stone Soup version 0.20-a0-629-gc37eb77 (webtiles) character file.

182425 Kidiri the Eclecticist (level 17, -4/87 HPs)
             Began as a Deep Elf Fire Elementalist on Feb 9, 2017.
             Was the Champion of Vehumet.
             Hit by a javelin of penetration thrown by a merfolk javelineer (8 damage)
             ... on level 4 of the Shoals on Feb 10, 2017.
             The game lasted 03:38:32 (48374 turns).

Kidiri the Eclecticist (DEFE)                      Turns: 48374, Time: 03:38:32

Health: -4/87      AC: 17    Str:  7    XL:     17   Next: 71%
Magic:  3/40       EV: 16    Int: 31    God:    Vehumet [******]
Gold:   200        SH: 16    Dex: 15    Spells: 5/51 levels left

rFire    . . .     SeeInvis .   U - +9 dagger of Change {vamp, *Corrode rC+ rN+}
rCold    + + .     Gourm    .   p - +1 leather armour "Ziem" {rElec rCorr Int+3}
rNeg     + . .     Faith    .   G - +2 shield {rC+}
rPois    .         Spirit   .   K - -1 hat of Rotation {rElec Str+2}
rElec    +         Reflect  +   T - +2 cloak
rCorr    +         Harm     .   j - +2 pair of gloves
MR       +....                  J - +2 pair of boots
Stlth    ++........             i - +5 amulet of reflection
Regen    0.3/turn               E - ring of flight
                                B - +1 ring of protection

@: no status effects
A: thin metallic scales 1, frail 1, evolution 1
a: Renounce Religion, Evoke Flight


You were on level 4 of the Shoals.
You worshipped Vehumet.
Vehumet was exalted by your worship.
You were not hungry.

You visited 7 branches of the dungeon, and saw 30 of its levels.
You visited 1 bazaar.
You also visited: Ossuary, Ice Cave and Volcano.

You collected 3183 gold pieces.
You spent 2983 gold pieces at shops.

Inventory:

Hand Weapons
 U - the +9 dagger of Change (weapon) {vamp, *Corrode rC+ rN+}
   (You found it on level 6 of the Lair of Beasts)

   It inflicts no extra harm, but heals its wielder when it wounds a living foe.
   It protects you from cold.
   It protects you from negative energy.
   It may corrode you when you take damage.
Armour
 j - a +2 pair of gloves (worn)
 p - the +1 leather armour "Ziem" (worn) {rElec rCorr Int+3}
   (You bought it in a shop in a bazaar)

   It affects your intelligence (+3).
   It insulates you from electricity.
   It protects you from acid and corrosion.
 G - a +2 shield of cold resistance (worn)
 J - a +2 pair of boots (worn)
 K - the -1 hat of Rotation (worn) {rElec Str+2}
   (You found it in a volcano)

   It affects your strength (+2).
   It insulates you from electricity.
 T - a +2 cloak (worn)
Jewellery
 b - an uncursed ring of positive energy
 i - a +5 amulet of reflection (around neck)
 z - an uncursed ring of wizardry
 A - an uncursed ring of protection from cold
 B - a +1 ring of protection (left hand)
 E - a ring of flight (right hand)
 W - an uncursed ring of resist corrosion
Wands
 c - a wand of disintegration (14/24)
 e - a wand of acid (6/15)
 F - a wand of digging (8/24)
 H - a wand of lightning (8/15)
 I - a wand of polymorph (13/24)
 O - a wand of iceblast (6/15)
 P - a wand of confusion (16/48)
 Q - a wand of paralysis (6/24)
Scrolls
 k - 12 scrolls of teleportation
 o - a scroll of recharging
 r - 2 scrolls of immolation
 u - 15 scrolls of remove curse
 y - 2 scrolls of amnesia
 R - a scroll of summoning
 S - 5 scrolls of identify
 V - a scroll of holy word
 Y - 6 scrolls of magic mapping
Potions
 d - 18 potions of curing
 g - 5 potions of lignification
 m - 5 potions of invisibility
 n - 3 potions of flight
 q - 7 potions of ambrosia
 s - 3 potions of resistance
 t - 6 potions of might
 w - 4 potions of brilliance
 C - 5 potions of agility
 L - a potion of berserk rage
Books
 l - a book of the Earth

   Spells                             Type                      Level
   a - Leda's Liquefaction            Hexes/Earth                  4
   b - Bolt of Magma                  Conjuration/Fire/Earth       5
   c - Statue Form                    Transmutation/Earth          6
   d - Iron Shot                      Conjuration/Earth            6
   e - Shatter                        Earth                        9
Comestibles
 h - 20 meat rations
 v - 12 chunks of flesh
 N - 2 fruits


   Skills:
 + Level 8.0 Fighting
 - Level 8.1 Short Blades
 + Level 7.7 Armour
 - Level 10.1 Dodging
 - Level 2.4 Stealth
 + Level 6.4 Shields
 * Level 17.5 Spellcasting
 + Level 11.4 Conjurations
 + Level 11.7 Fire Magic
 + Level 9.2 Ice Magic
 + Level 8.0 Air Magic
 + Level 8.5 Earth Magic
 + Level 9.2 Poison Magic
 + Level 9.9 Evocations


You had 5 spell levels left.
You knew the following spells:

 Your Spells              Type           Power        Failure   Level  Hunger
a - Flame Tongue          Conj/Fire      #####        1%          1    None
b - Throw Flame           Conj/Fire      ######       1%          2    None
c - Conjure Flame         Conj/Fire      #######.     1%          3    None
d - Inner Flame           Hex/Fire       ######..     1%          3    None
e - Ignite Poison         Fire/Tmut/Pois ######..     1%          3    None
f - Sticky Flame          Conj/Fire      #######.     1%          4    None
g - Fireball              Conj/Fire      #######...   1%          5    None
h - Bolt of Magma         Conj/Fire/Erth #######...   1%          5    None
j - Bolt of Cold          Conj/Ice       ######....   4%          6    #......
k - Lightning Bolt        Conj/Air       ######....   1%          5    None
l - Mephitic Cloud        Conj/Pois/Air  ######..     1%          3    None
m - Iron Shot             Conj/Erth      ######....   5%          6    #......


Dungeon Overview and Level Annotations

Branches:
Dungeon (15/15)            Temple (1/1) D:6            Lair (6/6) D:10
 Shoals (4/4) Lair:2        Snake (1/4) Lair:4        Slime (0/5) Lair:6
    Orc (2/2) D:9             Elf (1/3) Orc:2        Vaults (0/5) D:14
 Depths (0/5) D:15

Altars:
Ashenzari
Cheibriados
Dithmenos
Elyvilon
Fedhas
Gozag
Hepliaklqana
Kikubaaqudgha
Makhleb
Nemelex Xobeh
Okawaru
Qazlal
Ru
Sif Muna
Trog
Uskayaw
Vehumet
Xom
Yredelemnul
Zin
The Shining One
Jiyva

Shops:
D:8 %   Orc:2 ?!:   Shoals:2 *?

Annotations:
Shoals:4 exclusion: oklob plant, Ilsuiw, Polyphemus


Innate Abilities, Weirdness & Mutations

You are partially covered in thin metallic scales. (AC +2)
You are frail. (-10% HP)
You evolve.


Message History

The javelin of penetration pierces through you!!
* * * LOW HITPOINT WARNING * * *
Unknown command.
As you read the scroll of fear, it crumbles to dust.
You assume a fearsome visage.
The merfolk javelineer resists with almost no effort.
The snapping turtle looks frightened!
The merfolk javelineer throws a javelin of penetration.
The javelin of penetration closely misses you.
Unknown command.
You feel better.
The merfolk javelineer throws a javelin of penetration.
The javelin of penetration pierces through you.
* * * LOW HITPOINT WARNING * * *
Some of the chunks of flesh in your inventory have rotted away.
Unknown command.
Unknown command.
The merfolk javelineer throws a javelin of penetration.
The javelin of penetration pierces through you!
You die...

≈≈≈≈≈ ≈≈≈≈≈≈≈ ≈
≈≈≈≈≈ ≈≈≈≈≈≈≈ .≈
≈≈≈≈≈≈ ≈≈≈≈≈≈≈
.≈ ≈≈≈≈..
.≈≈≈≈≈≈ ..
≈≈≈≈..# ..t≈≈≈≈
. ≈≈≈≈≈≈.
...≈≈≈≈
≈≈≈≈≈≈≈##..≈≈≈≈≈
≈≈≈≈≈≈=(@..≈≈≈≈≈
≈≈≈≈≈≈≈≈≈≈≈≈≈≈≈≈
≈≈≈≈≈≈≈≈≈≈≈≈≈≈≈≈
≈.
≈≈≈≈≈≈≈≈≈≈≈≈≈≈≈≈
#≈.
.m≈≈≈≈≈≈≈≈≈≈≈≈≈≈
####≈..
...≈≈≈≈≈≈≈≈≈≈≈≈≈
.≈≈≈...
......≈≈≈≈≈≈≈≈≈≈
.......
##..≈≈≈≈≈≈≈≈≈≈≈≈
......#


You could see a merfolk javelineer and a snapping turtle (fleeing).

Vanquished Creatures
  A kraken (Shoals:2)
  Frances (D:12)
  A sphinx (D:13)
  A tengu reaver (D:13)
  2 frost giants (D:13)
  A fire giant (D:13)
  A deep elf elementalist (Elf:1)
  Louise (Snake:1)
  6 dire elephants (Lair:6)
  4 merfolk javelineers (Shoals:4)
  Snorg (D:13)
  4 merfolk impalers
  A yaktaur captain (D:13)
  A deep elf high priest (Elf:1)
  Josephine (D:11)
  A fire dragon (D:15)
  10 hydras
  An ice dragon (D:15)
  2 naga warriors (Snake:1)
  Harold (Lair:1)
  3 merfolk avatars
  Erica (D:9)
  2 anacondas
  An alligator snapping turtle (Shoals:1)
  A centaur warrior (D:14)
  2 alligators (Lair:5)
  An ogre mage (D:15)
  5 merfolk aquamancers
  6 death yaks
  8 two-headed ogres
  A tengu warrior (D:15)
  7 dancing weapons (Elf:1)
  3 orc high priests (Orc:2)
  2 shock serpents (Snake:1)
  5 deep elf knights (Elf:1)
  8 skeletal warriors
  2 fire crabs (shapeshifter) (D:14)
  9 sea snakes
  2 unseen horrors (D:12)
  4 deep elf archers (Elf:1)
  4 harpies (Shoals:2)
  A necromancer (IceCv)
  5 orc knights (Orc:2)
  7 fauns (Shoals:2)
  7 orc sorcerers
  A mana viper (Snake:1)
  2 orb spiders (shapeshifter)
  2 cyclopes
  9 ugly things
  13 manticores
  32 deep elf magi
  5 salamanders
  7 merfolk sirens
  5 centaur zombies
  A black mamba (Lair:2)
  5 oklob plants
  5 elephants
  A water nymph (shapeshifter) (D:14)
  2 water nymphs
  3 naga magi (Snake:1)
  11 spiny frogs
  2 ice statues (IceCv)
  A torpor snail (Lair:6)
  3 gargoyles
  3 centaur skeletons
  2 rime drakes
  A kobold demonologist (D:10)
  5 komodo dragons
  10 ice devils
  10 trolls
  A polar bear (Lair:4)
  4 hornets
  4 red devils (D:13)
  3 wind drakes
  19 merfolk
  Prince Ribbit (D:5)
  20 blink frogs
  Grinder (D:5)
  11 dream sheep
  11 slime creatures
  18 hippogriffs
  A meliai zombie (D:13)
  7 snapping turtles
  2 air elementals (Elf:1)
  Sigmund (D:2)
  13 spriggans
  2 vampires (D:15)
  31 yaks
  5 wyverns
  10 water elementals
  6 wraiths
  2 fire bats (Volcano)
  A fire elemental (Elf:1)
  4 hungry ghosts
  Grum (D:9)
  4 basilisks
  4 vampire mosquitoes
  6 nagas
  The ghost of Amnesiac the Vandal, an amateur OpHu (D:3)
  A swamp worm (Lair:5)
  A two-headed ogre zombie (D:9)
  14 water moccasins
  A water moccasin (shapeshifter) (D:14)
  A hell hound (Volcano)
  3 wargs
  2 soldier ants
  6 porcupines
  8 ice beasts
  3 swamp drakes (Lair:5)
  A sky beast (D:15)
  16 orc warriors
  3 necrophages
  A black bear (D:9)
  3 boggarts (Lair:4)
  An eye of draining (D:13)
  17 ogres
  12 centaurs
  3 wolves (D:9)
  14 crocodiles
  An elf zombie (Ossuary)
  2 big kobolds
  24 bullfrogs
  A wyvern skeleton (D:11)
  2 scorpions
  2 troll zombies (D:9)
  10 killer bees
  13 wights
  A howler monkey (D:5)
  2 crimson imps
  2 bullfrog zombies
  2 jellies
  A quasit (D:10)
  15 orc priests
  3 gnoll shamans
  5 hounds
  24 orc wizards
  4 bullfrog skeletons
  2 iguanas
  7 worker ants
  A killer bee zombie (D:6)
  3 troll simulacra (IceCv)
  A spriggan simulacrum (IceCv)
  5 ogre zombies (D:9)
  3 centaur simulacra
  3 mummies (Ossuary)
  A worker ant zombie (D:9)
  38 gnolls
  A howler monkey skeleton (D:8)
  4 naga simulacra (IceCv)
  14 adders
  3 shadow imps
  5 adder zombies
  5 worms
  2 dart slugs
  7 leopard geckos
  45 orcs
  3 giant cockroaches
  6 goblins
  8 hobgoblins
  24 jackals
  6 quokkas
  2 ball pythons (D:3)
  7 bats
  3 frilled lizards
  A goblin skeleton (D:9)
  6 goblin zombies
  2 hobgoblin skeletons (D:9)
  6 hobgoblin zombies
  13 kobolds
  3 kobold zombies (Ossuary)
  2 orc skeletons (D:9)
  12 orc zombies (D:9)
  2 quokka zombies (Ossuary)
  10 rats
  3 rat zombies (Ossuary)
  14 plants
  2 tentacles (Shoals:2)
984 creatures vanquished.

Vanquished Creatures (others)
  A merfolk javelineer (Shoals:3)
  A two-headed ogre (Volcano)
  A deep elf mage (Elf:1)
  A manticore (Shoals:4)
  A cyclops (Shoals:3)
  4 centaurs
  A hound (D:12)
  15 fungi
  4 plants
  4 tentacles (Shoals:2)
33 creatures vanquished.

Grand Total: 1017 creatures vanquished

Notes
Turn   | Place    | Note
-------+----------+-------------------------------------------
     0 | D:1      | Kidiri the Deep Elf Fire Elementalist began the quest for the Orb.
     0 | D:1      | Reached XP level 1. HP: 10/10 MP: 6/6
   417 | D:1      | Reached XP level 2. HP: 15/15 MP: 5/8
   421 | D:1      | Learned a level 2 spell: Throw Flame
   906 | D:2      | Found a faded altar of an unknown god.
   920 | D:2      | Reached skill level 4 in Spellcasting
  1041 | D:2      | Gained mutation: You have a pair of small horns on your head. [potion of mutation]
  1041 | D:2      | Gained mutation: You possess an exceptional clarity of mind. [potion of mutation]
  1096 | D:2      | Reached XP level 3. HP: 19/19 MP: 7/10
  1101 | D:2      | Learned a level 3 spell: Conjure Flame
  1105 | D:2      | Learned a level 3 spell: Inner Flame
  1116 | D:2      | Noticed Sigmund
  2137 | D:3      | Reached XP level 4. HP: 24/24 MP: 2/12
  2360 | D:3      | Reached skill level 5 in Spellcasting
  2375 | D:3      | Learned a level 4 spell: Sticky Flame
  2531 | D:2      | Killed Sigmund
  2531 | D:2      | Reached skill level 6 in Spellcasting
  2531 | D:2      | Reached XP level 5. HP: 20/28 MP: 0/15
  2678 | D:3      | Reached XP level 6. HP: 32/32 MP: 9/17
  3081 | D:3      | Learned a level 5 spell: Fireball
  3691 | D:3      | Reached skill level 1 in Short Blades
  4097 | D:3      | Reached skill level 1 in Fighting
  4115 | D:3      | Reached XP level 7. HP: 38/38 MP: 7/19
  4130 | D:3      | Reached skill level 7 in Spellcasting
  4192 | D:3      | Noticed Amnesiac's ghost (amateur OpHu)
  4502 | D:3      | Reached skill level 1 in Armour
  4537 | D:3      | Killed Amnesiac's ghost
  4537 | D:3      | Reached skill level 5 in Fire Magic
  5073 | D:4      | Found a sand-covered staircase.
  5081 | Ossuary  | Entered an ossuary
  5282 | Ossuary  | Reached XP level 8. HP: 44/44 MP: 19/21
  6169 | D:4      | Reached skill level 8 in Spellcasting
  6423 | D:5      | Entered Level 5 of the Dungeon
  6448 | D:5      | Noticed Grinder
  6449 | D:5      | Paralysed by Grinder for 7 turns
  6456 | D:5      | Killed Grinder
  6698 | D:5      | Noticed Prince Ribbit
  6706 | D:5      | Killed Prince Ribbit
  6706 | D:5      | Reached skill level 5 in Conjurations
  6884 | D:5      | Reached skill level 9 in Spellcasting
  6907 | D:5      | Found an iron altar of Okawaru.
  7562 | D:6      | Reached XP level 9. HP: 48/49 MP: 18/24
  7583 | D:6      | Found a staircase to the Ecumenical Temple.
  7615 | Temple   | Entered the Ecumenical Temple
  7876 | Temple   | Became a worshipper of Vehumet
  8241 | D:6      | Reached skill level 5 in Dodging
  8472 | D:7      | Reached skill level 1 in Evocations
  8549 | D:7      | Reached skill level 10 in Spellcasting
  8706 | D:7      | Lost mutation: You have a pair of small horns on your head. [potion of mutation]
  8706 | D:7      | Lost mutation: You possess an exceptional clarity of mind. [potion of mutation]
  8706 | D:7      | Gained mutation: You have supernaturally acute eyesight. (SInv) [potion of mutation]
  8706 | D:7      | Gained mutation: Your muscles are strong. (Str +2) [potion of mutation]
  8706 | D:7      | Lost mutation: Your muscles are strong. (Str +2) [potion of mutation]
  8706 | D:7      | Gained mutation: Your flesh is cold resistant. (rC+) [potion of mutation]
  8707 | D:7      | Lost mutation: Your flesh is cold resistant. (rC+) [potion of mutation]
  8707 | D:7      | Lost mutation: You have supernaturally acute eyesight. (SInv) [potion of mutation]
  8707 | D:7      | Gained mutation: Your magical capacity is low. (-10% MP) [potion of mutation]
  8707 | D:7      | Gained mutation: You are resistant to hostile enchantments. (MR+) [potion of mutation]
  8707 | D:7      | Gained mutation: You are covered in fur. (AC +1) [potion of mutation]
  8707 | D:7      | Gained mutation: You have a pair of small antennae on your head. [potion of mutation]
  9091 | D:7      | Noticed a two-headed ogre
  9103 | D:7      | Killed a two-headed ogre
  9216 | D:7      | Reached * piety under Vehumet
  9216 | D:7      | Offered knowledge of Sting by Vehumet.
  9227 | D:7      | Reached XP level 10. HP: 56/56 MP: 5/24
  9330 | D:7      | Learned a level 1 spell: Sting
  9724 | D:8      | Found Caybeid's Food Emporium.
  9851 | D:8      | Reached skill level 1 in Poison Magic
  9972 | D:8      | Noticed a two-headed ogre
 10001 | D:8      | Killed a two-headed ogre
 10104 | D:8      | Reached skill level 11 in Spellcasting
 10342 | D:8      | Found an opulent altar of Gozag.
 10468 | D:8      | Reached ** piety under Vehumet
 10468 | D:8      | Offered knowledge of Throw Frost by Vehumet.
 10576 | D:8      | Learned a level 2 spell: Throw Frost
 10950 | D:9      | Noticed Erica
 10979 | D:9      | Killed Erica
 10979 | D:9      | Reached skill level 5 in Short Blades
 10979 | D:9      | Reached skill level 1 in Ice Magic
 11026 | D:9      | Offered knowledge of Ignite Poison by Vehumet.
 11073 | D:9      | Learned a level 3 spell: Ignite Poison
 11411 | D:9      | Reached *** piety under Vehumet
 11415 | D:9      | Reached XP level 11. HP: 54/62 MP: 10/25
 11755 | D:9      | Found a staircase to the Orcish Mines.
 11756 | D:9      | Offered knowledge of Stone Arrow by Vehumet.
 11761 | D:9      | Learned a level 3 spell: Stone Arrow
 12148 | D:10     | Entered Level 10 of the Dungeon
 12174 | D:10     | Found a staircase to the Lair.
 12174 | D:10     | Noticed an oklob plant
 12314 | D:10     | Noticed a sixfirhy
 12501 | D:10     | Lost mutation: Your magical capacity is low. (-10% MP) [potion of mutation]
 12501 | D:10     | Lost mutation: You are covered in fur. (AC +1) [potion of mutation]
 12501 | D:10     | Lost mutation: You have a pair of small antennae on your head. [potion of mutation]
 12501 | D:10     | Lost mutation: You are resistant to hostile enchantments. (MR+) [potion of mutation]
 12501 | D:10     | Gained mutation: Scrolls take you a little longer to read. [potion of mutation]
 12501 | D:10     | Gained mutation: You are partially covered in yellow scales. (AC +2) [potion of mutation]
 12502 | D:10     | Lost mutation: Scrolls take you a little longer to read. [potion of mutation]
 12502 | D:10     | Lost mutation: You are partially covered in yellow scales. (AC +2) [potion of mutation]
 12502 | D:10     | Gained mutation: You are frail. (-10% HP) [potion of mutation]
 12502 | D:10     | Gained mutation: You possess an exceptional clarity of mind. [potion of mutation]
 12502 | D:10     | Gained mutation: You expend magic power (3 MP) to strengthen your wands. [potion of mutation]
 12502 | D:10     | Gained mutation: You are surrounded by a mild repulsion field. (EV +2) [potion of mutation]
 12592 | D:10     | Reached **** piety under Vehumet
 13108 | D:10     | Killed an oklob plant
 13276 | Lair:1   | Entered Level 1 of the Lair of Beasts
 13315 | Lair:1   | Reached skill level 1 in Earth Magic
 13368 | Lair:1   | Found a frozen archway.
 13475 | IceCv    | Entered an ice cave
 13798 | IceCv    | Reached skill level 12 in Spellcasting
 13941 | IceCv    | Offered knowledge of Lightning Bolt by Vehumet.
 14277 | IceCv    | Learned a level 5 spell: Lightning Bolt
 14759 | IceCv    | Noticed a necromancer
 14772 | IceCv    | Killed a necromancer
 15010 | Lair:1   | Noticed Harold
 15023 | Lair:1   | Killed Harold
 15023 | Lair:1   | Reached skill level 1 in Air Magic
 15296 | Lair:1   | Noticed a four-headed hydra
 15310 | Lair:1   | Killed a four-headed hydra
 15672 | Lair:1   | Reached skill level 5 in Evocations
 15673 | Lair:1   | Reached XP level 12. HP: 59/61 MP: 26/30
 16481 | Lair:1   | Reached skill level 5 in Fighting
 16538 | Lair:2   | Reached skill level 1 in Shields
 16609 | Lair:2   | Noticed a six-headed hydra
 16632 | Lair:2   | Killed a six-headed hydra
 16692 | Lair:2   | Reached skill level 5 in Armour
 17086 | Lair:2   | Found a staircase to the Shoals.
 18195 | Lair:3   | Reached skill level 13 in Spellcasting
 18199 | Lair:3   | Reached skill level 5 in Poison Magic
 18427 | Lair:3   | Learned a level 5 spell: Bolt of Magma
 18597 | Lair:3   | Lost mutation: You expend magic power (3 MP) to strengthen your wands. [potion of mutation]
 18597 | Lair:3   | Lost mutation: You are frail. (-10% HP) [potion of mutation]
 18597 | Lair:3   | Gained mutation: You are frail. (-10% HP) [potion of mutation]
 18597 | Lair:3   | Gained mutation: Your mind is acute. (Int +2) [potion of mutation]
 18597 | Lair:3   | Gained mutation: Your spells are a little harder to cast, but a little more powerful. [potion of mutation]
 19524 | Lair:4   | Found a dark tunnel.
 19533 | Volcano  | Entered a volcano
 19627 | Volcano  | Killed a two-headed ogre
 20156 | Volcano  | Got a shimmering hat
 20162 | Volcano  | Identified the -1 hat of Rotation {rElec Str+2} (You found it in a volcano)
 20701 | Lair:4   | Reached XP level 13. HP: 64/64 MP: 28/32
 20713 | Lair:4   | Found a staircase to the Snake Pit.
 21328 | Lair:4   | Reached skill level 5 in Ice Magic
 21399 | Lair:4   | You fall through a shaft for 2 floors!
 21399 | Lair:6   | Entered Level 6 of the Lair of Beasts
 21736 | Lair:4   | Reached ***** piety under Vehumet
 22236 | Lair:4   | Offered knowledge of Bolt of Cold by Vehumet.
 22519 | Lair:4   | Learned a level 6 spell: Bolt of Cold
 23281 | Lair:5   | Reached skill level 14 in Spellcasting
 23872 | Lair:5   | Lost mutation: Your spells are a little harder to cast, but a little more powerful. [potion of mutation]
 23872 | Lair:5   | Lost mutation: You possess an exceptional clarity of mind. [potion of mutation]
 23872 | Lair:5   | Gained mutation: You are occasionally teleported next to monsters. [potion of mutation]
 23872 | Lair:5   | Gained mutation: You have a pair of small antennae on your head. [potion of mutation]
 23872 | Lair:5   | Gained mutation: You are very frail. (-20% HP) [potion of mutation]
 23872 | Lair:5   | Gained mutation: You are agile. (Dex +2) [potion of mutation]
 24440 | Lair:6   | Reached skill level 5 in Earth Magic
 24481 | Lair:6   | Reached XP level 14. HP: 64/64 MP: 22/34
 24536 | Lair:6   | Learned a level 3 spell: Mephitic Cloud
 24881 | Lair:6   | Found a viscous altar of Jiyva.
 24882 | Lair:6   | Found a staircase to the Slime Pits.
 25870 | Lair:6   | Got a brightly glowing dagger
 25875 | Lair:6   | Identified the +9 dagger of Change {vamp, *Corrode rC+ rN+} (You found it on level 6 of the Lair of Beasts)
 26343 | Lair:6   | Got a slimy robe
 26354 | Lair:6   | Identified the +2 robe "Hyjorph" {Dex+6 SInv} (You found it on level 6 of the Lair of Beasts)
 27955 | D:9      | Noticed Grum
 27959 | D:9      | Killed Grum
 28028 | Orc:1    | Entered Level 1 of the Orcish Mines
 28117 | Orc:2    | Entered Level 2 of the Orcish Mines
 28349 | Orc:2    | Found a staircase to the Elven Halls.
 29625 | Orc:2    | Reached skill level 5 in Air Magic
 30337 | Orc:2    | Paralysed by an orc sorcerer for 4 turns
 30885 | Orc:2    | Found Maunigy's Book Emporium.
 30889 | Orc:2    | Found Cydegoud's Distillery.
 30895 | Orc:2    | Bought a potion of lignification for 39 gold pieces
 30895 | Orc:2    | Bought a potion of mutation for 104 gold pieces
 30895 | Orc:2    | Bought a potion of mutation for 104 gold pieces
 30895 | Orc:2    | Bought a potion of curing for 39 gold pieces
 30895 | Orc:2    | Bought a potion of curing for 39 gold pieces
 30895 | Orc:2    | Lost mutation: You are agile. (Dex +2) [potion of mutation]
 30895 | Orc:2    | Lost mutation: You are very frail. (-20% HP) [potion of mutation]
 30895 | Orc:2    | Lost mutation: Your mind is acute. (Int +2) [potion of mutation]
 30895 | Orc:2    | Lost mutation: You are frail. (-10% HP) [potion of mutation]
 30895 | Orc:2    | Lost mutation: You have a pair of small antennae on your head. [potion of mutation]
 30895 | Orc:2    | Gained mutation: Your flesh is cold resistant. (rC+) [potion of mutation]
 30896 | Orc:2    | Lost mutation: You are surrounded by a mild repulsion field. (EV +2) [potion of mutation]
 30896 | Orc:2    | Lost mutation: Your flesh is cold resistant. (rC+) [potion of mutation]
 30896 | Orc:2    | Lost mutation: You are occasionally teleported next to monsters. [potion of mutation]
 30896 | Orc:2    | Gained mutation: Your body sometimes deteriorates upon taking damage. [potion of mutation]
 30896 | Orc:2    | Gained mutation: You have sharp toenails. [potion of mutation]
 30897 | Orc:2    | Found Velug's Magic Scroll Shop.
 30905 | Orc:2    | Found Cupnats's Antique Armour Emporium.
 30911 | Orc:2    | Bought a scroll of acquirement for 572 gold pieces
 30911 | Orc:2    | Bought a scroll of fear for 38 gold pieces
 30911 | Orc:2    | Bought a scroll of immolation for 38 gold pieces
 30911 | Orc:2    | Bought a scroll of fog for 22 gold pieces
 31095 | D:11     | Lost mutation: You have sharp toenails. [potion of mutation]
 31095 | D:11     | Lost mutation: Your body sometimes deteriorates upon taking damage. [potion of mutation]
 31095 | D:11     | Gained mutation: You can translocate small distances at will. [potion of mutation]
 31095 | D:11     | Gained mutation: Your muscles are strong. (Str +2) [potion of mutation]
 31235 | D:11     | Offered knowledge of Fulminant Prism by Vehumet.
 31486 | D:11     | Noticed Josephine
 31493 | D:11     | Killed Josephine
 31674 | D:11     | Reached skill level 15 in Spellcasting
 31695 | D:11     | Reached XP level 15. HP: 66/84 MP: 8/36
 32156 | D:11     | Reached skill level 10 in Fire Magic
 32454 | D:12     | Gained mutation: You are clumsy. (Dex -2) [mutagenic meat]
 32455 | D:12     | Lost mutation: You are clumsy. (Dex -2) [mutagenic meat]
 32456 | D:12     | Gained mutation: You are somewhat resistant to further mutation. [mutagenic meat]
 32457 | D:12     | Lost mutation: Your muscles are strong. (Str +2) [mutagenic meat]
 32563 | D:12     | Noticed Frances
 32572 | D:12     | Killed Frances
 33440 | D:12     | Upgraded the game from 0.20-a0-622-g01f5896 to 0.20-a0-629-gc37eb77
 33779 | D:12     | Found a burning altar of Makhleb.
 34104 | D:13     | Noticed Snorg
 34121 | D:13     | Killed Snorg
 35154 | D:13     | Reached ****** piety under Vehumet
 35209 | D:13     | Offered knowledge of Ozocubu's Refrigeration by Vehumet.
 36004 | D:14     | Found a gate to the Vaults.
 36012 | D:14     | Reached skill level 10 in Conjurations
 36430 | D:14     | Gained mutation: Your spells are a little harder to cast, but a little more powerful. [mutagenic meat]
 36431 | D:14     | Gained mutation: You expend magic power (3 MP) to strengthen your wands. [mutagenic meat]
 36484 | D:14     | Gained mutation: You are surrounded by a mild repulsion field. (EV +2) [mutagenic meat]
 36669 | D:14     | Found a sacrificial altar of Ru.
 37148 | D:14     | Lost mutation: Your spells are a little harder to cast, but a little more powerful. [potion of mutation]
 37148 | D:14     | Lost mutation: You expend magic power (3 MP) to strengthen your wands. [potion of mutation]
 37148 | D:14     | Lost mutation: You can translocate small distances at will. [potion of mutation]
 37148 | D:14     | Lost mutation: You are somewhat resistant to further mutation. [potion of mutation]
 37148 | D:14     | Gained mutation: You are robust. (+10% HP) [potion of mutation]
 37148 | D:14     | Gained mutation: Your system is resistant to poisons. (rPois) [potion of mutation]
 37215 | D:14     | Gained mutation: You are weak. (Str -2) [mutagenic meat]
 37216 | D:14     | Gained mutation: You are somewhat resistant to further mutation. [mutagenic meat]
 37219 | D:14     | Lost mutation: You are weak. (Str -2) [mutagenic meat]
 37223 | D:14     | Gained mutation: Your magical capacity is low. (-10% MP) [mutagenic meat]
 37225 | D:14     | Gained mutation: Your body sometimes deteriorates upon taking damage. [mutagenic meat]
 37748 | D:14     | Offered knowledge of Bolt of Draining by Vehumet.
 37804 | D:13     | Noticed a frost giant
 37804 | D:13     | Noticed a fire giant
 37804 | D:13     | Noticed a tengu reaver
 37906 | D:13     | Noticed a sphinx
 37909 | D:13     | Killed a sphinx
 37913 | D:13     | Killed a tengu reaver
 38024 | D:13     | Killed a frost giant
 38222 | D:13     | Killed a fire giant
 38399 | D:13     | Noticed a frost giant
 38450 | D:13     | Killed a frost giant
 38450 | D:13     | Reached skill level 16 in Spellcasting
 38531 | D:13     | Identified Xaopi's Reference Book on Toxins and Calling
 38582 | D:15     | Entered Level 15 of the Dungeon
 38758 | D:15     | Reached skill level 10 in Dodging
 38759 | D:15     | Reached XP level 16. HP: 101/101 MP: 26/34
 39705 | D:15     | Found a staircase to the Depths.
 40022 | Orc:2    | Reached skill level 5 in Shields
 40116 | Elf:1    | Entered Level 1 of the Elven Halls
 40437 | Elf:1    | Learned a level 6 spell: Iron Shot
 42605 | Snake:1  | Entered Level 1 of the Snake Pit
 42610 | Snake:1  | Found a basalt altar of Yredelemnul.
 42617 | Snake:1  | Noticed Louise
 42651 | Snake:1  | Killed Louise
 43081 | Snake:1  | Lost mutation: Your magical capacity is low. (-10% MP) [potion of mutation]
 43081 | Snake:1  | Lost mutation: You are robust. (+10% HP) [potion of mutation]
 43081 | Snake:1  | Lost mutation: Your system is resistant to poisons. (rPois) [potion of mutation]
 43081 | Snake:1  | Lost mutation: You are surrounded by a mild repulsion field. (EV +2) [potion of mutation]
 43942 | Shoals:1 | Entered Level 1 of the Shoals
 44356 | Shoals:1 | Reached XP level 17. HP: 88/97 MP: 26/39
 44426 | Shoals:1 | Offered knowledge of Orb of Destruction by Vehumet.
 44977 | Shoals:2 | Found a flickering gateway to a bazaar.
 45000 | Bazaar   | Entered a bazaar
 45000 | Bazaar   | Found Pisibo Ykai's General Store.
 45000 | Bazaar   | Found Apoogib's Distillery.
 45007 | Bazaar   | Bought the +1 leather armour "Ziem" {rElec rCorr Int+3} for 493 gold pieces
 45043 | Bazaar   | Found Yshural's Antique Weapon Emporium.
 45051 | Bazaar   | Found Edykhushro's Antique Armour Emporium.
 45062 | Bazaar   | Found Beach's Gadget Boutique.
 45086 | Bazaar   | Bought a potion of agility for 48 gold pieces
 45086 | Bazaar   | Bought a potion of lignification for 36 gold pieces
 45086 | Bazaar   | Bought a potion of curing for 36 gold pieces
 45086 | Bazaar   | Bought 2 potions of ambrosia for 192 gold pieces
 45086 | Bazaar   | Bought a potion of curing for 36 gold pieces
 45086 | Bazaar   | Bought a potion of brilliance for 48 gold pieces
 45086 | Bazaar   | Bought a potion of heal wounds for 60 gold pieces
 45086 | Bazaar   | Bought a potion of lignification for 36 gold pieces
 45086 | Bazaar   | Bought a potion of mutation for 96 gold pieces
 45086 | Bazaar   | Bought a potion of curing for 36 gold pieces
 45086 | Bazaar   | Bought 2 potions of ambrosia for 192 gold pieces
 45086 | Bazaar   | Bought a potion of curing for 36 gold pieces
 45098 | Bazaar   | Bought 2 potions of curing for 90 gold pieces
 45098 | Bazaar   | Bought a meat ration for 75 gold pieces
 45195 | Shoals:2 | Found Dopsi's Magic Scroll Shop.
 45215 | Shoals:2 | Reached skill level 17 in Spellcasting
 45229 | Shoals:2 | Bought a scroll of amnesia for 63 gold pieces
 45229 | Shoals:2 | Bought a scroll of enchant armour for 135 gold pieces
 45229 | Shoals:2 | Bought a scroll of holy word for 135 gold pieces
 45336 | Shoals:2 | Found Zesirpho's Assorted Antiques.
 45344 | Shoals:2 | Bought a golden ring for 145 gold pieces
 45378 | Shoals:2 | Noticed a kraken
 45386 | Shoals:2 | Killed a kraken
 46667 | Shoals:1 | Got a faintly glowing mace
 46668 | Shoals:1 | Identified the +7 mace of the Common Good {flame, *Rage *Drain rPois rC+++} (You found it on level 1 of the Shoals)
 46797 | Lair:1   | Lost mutation: Your body sometimes deteriorates upon taking damage. [potion of mutation]
 46797 | Lair:1   | Lost mutation: You are somewhat resistant to further mutation. [potion of mutation]
 46797 | Lair:1   | Gained mutation: You are frail. (-10% HP) [potion of mutation]
 46797 | Lair:1   | Gained mutation: You evolve. [potion of mutation]
 46797 | Lair:1   | Gained mutation: You are partially covered in thin metallic scales. (AC +2) [potion of mutation]
 48055 | Shoals:4 | Entered Level 4 of the Shoals
 48161 | Shoals:4 | Found a shadowy altar of Dithmenos.
 48337 | Shoals:4 | Noticed Ilsuiw
 48341 | Shoals:4 | Offered knowledge of Bolt of Fire by Vehumet.
 48349 | Shoals:4 | Noticed Polyphemus
 48371 | Shoals:4 | HP: 1/87 [merfolk javelineer/javelin of penetration (19)]
 48374 | Shoals:4 | Hit by a javelin of penetration thrown by a merfolk javelineer

Vault maps used:
D:1:      dpeg_arrival_snail
D:2:      chequers_ecumenical_altar_island, kennysheep_generic_room_2,
          uniq_sigmund
D:3:      lemuel_castle_with_subvaults
D:4:      first_bread, enter_ossuary_3
D:5:      basic_altar, roderic_cross_of_infinity, kennysheep_small_square,
          uniq_prince_ribbit1, uniq_grinder
D:6:      temple_fountains, serial_bayou_pond_e
D:8:      serial_shops, nicolae_shop_waterfront, basic_altar
D:9:      zombieorc2_lemuel, uniq_grum, uniq_erica
D:10:     dpeg_oklobed_lair
D:11:     uniq_josephine
D:12:     hangedman_stone_soup, makhleb_altar_promises_db, uniq_frances
D:13:     minmay_connected_triangles_in_corner,
          einodemon_armed_red_devil_minivault, uniq_snorg
D:14:     david_vaults_2, nicolae_ru_awakened_eye, hangedman_decor_peaks_small
D:15:     grunt_enter_depths_hoard
Temple:   compressed_dpeg_triangle_lava_temple
Lair:1:   portal_ice_cave_demonic_guard, hibernation_bobbens,
          serial_bayou_shore_b, grunt_megastairs_4, uniq_harold
Lair:2:   shoals_dummy_entry
Lair:3:   minivault_19, serial_bayou_pond_c, minivault_23, serial_bayou_pond_c,
          grunt_megastairs_2, infiniplex_staircase_pool_2,
          minmay_lair_oklob_chamber
Lair:4:   kb_forest_paths, guppyfry_snake_entry_island, enter_volcano_2
Lair:5:   onia_ninara_swampy_vault
Lair:6:   due_jungle_book, slime_altar_1, grunt_forest_small_clearing_treed
Shoals:2: serial_shops, bzr_entry_gold, nicolae_shop_trees,
          nicolae_shop_waterfront
Shoals:4: shoals_end_simple, shoals_ilsuiw_alternative, lemuel_oklob_altar,
          uniq_polyphemus
Snake:1:  basic_altar, minmay_shop_star, lemuel_fruit_tree, uniq_louise
Orc:2:    st_orc_elflike, nicolae_orc_pool_cavern
Elf:1:    eino_elf_arrival_shootout, kennysheep_underground_church,
          nrook_mini_backslash
Bazaar:   bazaar_lake
Ossuary:  ossuary_minmay_chase
IceCv:    ice_cave_tombish
Volcano:  volcano_village

Skill      XL: |  1  2  3  4  5  6  7  8  9 10 11 12 13 14 15 16 17 |
---------------+----------------------------------------------------+-----
Spellcasting   | 4 6 7 9 10 11 12 13 14 15 16 17 | 17.5
Conjurations   | 2 3 4 5 6 7 8 9 10 11 | 11.4
Fire Magic     | 4 5 6 7 8 9 10 11 | 11.7
Short Blades   | 1 2 4 5 6 7 8 |  8.1
Fighting       | 1 2 3 4 5 6 7 8 |  8.0
Armour         | 1 2 3 4 5 6 7 |  7.7
Dodging        | 3 4 5 6 7 8 9 10 | 10.1
Evocations     | 2 3 5 6 7 8 9 |  9.9
Poison Magic   | 2 4 5 6 7 8 9 |  9.2
Ice Magic      | 1 3 4 5 6 7 8 9 |  9.2
Earth Magic    | 2 4 5 6 7 8 |  8.5
Air Magic      | 1 2 4 5 6 7 8 |  8.0
Shields        | 2 3 4 5 6 |  6.4
Stealth        | |  2.4

Action                   |  1- 3 |  4- 6 |  7- 9 | 10-12 | 13-15 | 16-18 || total
-------------------------+-------+-------+-------+-------+-------+-------++-------
Melee: Dagger            |     6 |    28 |    43 |   153 |   550 |   190 ||   970
       Headbutt          |     1 |     1 |     8 |       |       |       ||    10
 Cast: Flame Tongue      |    41 |    64 |   134 |   348 |   183 |    36 ||   806
       Throw Flame       |    12 |    44 |    50 |    96 |    67 |    47 ||   316
       Conjure Flame     |     2 |     6 |     7 |    22 |    18 |     4 ||    59
       Sticky Flame      |       |     3 |    16 |    55 |    69 |    33 ||   176
       Inner Flame       |       |     4 |     2 |    11 |     3 |     3 ||    23
       Fireball          |       |       |     1 |    46 |    53 |    42 ||   142
       Throw Frost       |       |       |       |    21 |       |       ||    21
       Ignite Poison     |       |       |       |     1 |     6 |     1 ||     8
       Bolt of Magma     |       |       |       |    15 |   275 |   169 ||   459
       Lightning Bolt    |       |       |       |     9 |       |     1 ||    10
       Stone Arrow       |       |       |       |     4 |       |       ||     4
       Sting             |       |       |       |     2 |       |       ||     2
       Mephitic Cloud    |       |       |       |       |    14 |     1 ||    15
       Bolt of Cold      |       |       |       |       |    29 |    15 ||    44
       Iron Shot         |       |       |       |       |       |    72 ||    72
 Abil: Blink             |       |       |       |       |     1 |       ||     1
Evoke: Wand              |       |       |       |     2 |     2 |     3 ||     7
  Use: Scroll            |    10 |     2 |    11 |    19 |    28 |    14 ||    84
       Potion            |     1 |     3 |     2 |     7 |     8 |    14 ||    35
 Stab: Sleeping          |     1 |     2 |     1 |     1 |     8 |     3 ||    16
       Confused          |       |       |       |       |       |     1 ||     1
  Eat: Chunk             |     2 |     4 |    12 |     8 |    47 |    23 ||    96
       Bread ration      |     1 |       |     1 |     5 |     5 |       ||    12
       Fruit             |       |       |       |     7 |     9 |    13 ||    29
       Royal jelly       |       |       |       |     3 |     6 |     1 ||    10
       Meat ration       |       |       |       |     1 |       |       ||     1
Armor: Robe              |     6 |     9 |    21 |    78 |    89 |    22 ||   225
       Leather armour    |       |       |       |     1 |       |    18 ||    19
Dodge: Dodged            |    13 |    33 |    71 |   177 |   261 |   151 ||   706
Block: Buckler           |       |       |       |    22 |   225 |    20 ||   267
       Reflection        |       |       |       |       |    10 |    28 ||    38
       Shield            |       |       |       |       |       |   167 ||   167
